 Dungeon Crawl Stone Soup version 0.28-a0-750-g7c675f85b1 (webtiles) character file.

Game seed: 14683284126336822456

165 pokeman the Magician (level 5, 0/29 HPs)
             Began as a Deep Elf Hedge Wizard on Oct 29, 2021.
             Killed by nerve-wracking pain
             ... invoked by Grinder
              (7 damage)
             ... on level 3 of the Dungeon.
             The game lasted 00:06:30 (3264 turns).

pokeman the Magician (Deep Elf Hedge Wizard)        Turns: 3264, Time: 00:06:31

Health: 0/29       AC:  4    Str:  7    XL:     5   Next: 22%
Magic:  6/15       EV: 12    Int: 20    God:
Gold:   88         SH:  0    Dex: 14    Spells: 5/16 levels left

rFire   . . .      SeeInvis .   i - +2 dagger (venom)
rCold   . . .      Faith    .   (no shield)
rNeg    . . .      Spirit   .   h - +0 leather armour
rPois   .          Reflect  .   q - +0 helmet
rElec   .          Harm     .   (no cloak)
rCorr   .          Rampage  .   (no gloves)
Will    .....                   (no boots)
Stlth   ++........              (no amulet)
HPRegen 0.09/turn               (no ring)
MPRegen 0.14/turn               (no ring)

@: very slightly contaminated
A: no striking features
a: no special abilities


You were on level 3 of the Dungeon.
You visited 1 branch of the dungeon, and saw 3 of its levels.

You collected 88 gold pieces.

Inventory:

Hand Weapons
 i - a +2 dagger of venom (weapon)
Missiles
 a - 4 curare-tipped darts
 b - 12 bolts
Armour
 h - a +0 leather armour (worn)
 q - a +0 helmet (worn)
Magical Staves
 o - a staff of poison
Scrolls
 f - 3 scrolls of identify {unknown}
 g - 2 scrolls of magic mapping {unknown}
 l - a scroll of silence {unknown}
 p - a scroll of immolation {unknown}
Potions
 d - a potion of berserk rage {unknown}
 e - a potion of flight {unknown}
 j - a potion of lignification {unknown}
 k - 2 potions of degeneration {unknown}
 m - a potion of haste {unknown}
 n - a potion of curing {unknown}


   Skills:
 - Level 1.0 Fighting
 - Level 1.0 Armour
 + Level 2.8 Dodging
 - Level 2.4 Stealth
 * Level 6.3 Spellcasting
 + Level 2.8 Conjurations
 - Level 1.1 Summonings
 - Level 1.1 Translocations
 + Level 0.6 Air Magic


You had 5 spell levels left.
You knew the following spells:

 Your Spells              Type           Power      Damage    Failure   Level
a - Magic Dart            Conj           68%        1d6       4%          1
b - Mephitic Cloud        Conj/Pois/Air  11%        N/A       26%         3
c - Call Imp              Summ           10%        N/A       14%         2
d - Blink                 Tloc           20%        N/A       14%         2
e - Conjure Flame         Conj/Fire      12%        6-21      24%         3

Your spell library contained the following spells:

 Spells                   Type           Power      Damage    Failure   Level
 Slow                     Hex            24%        N/A       14%         1
 Borgnjor's Revivificati  Necr           3%         N/A       100%        8
 Necromutation            Tmut/Necr      3%         N/A       100%        8
 Death's Door             Necr           3%         N/A       100%        9


Dungeon Overview and Level Annotations

Branches:
Dungeon (3/15)

Altars:

Shops:
D:3 =

Annotations:
D:3 Grinder


Message History

Grinder blinks!
An adder comes into view.
The adder hisses angrily.
You can move again.
Unknown command.
Grinder gestures at you. Pain shoots through your body!
Your magical contamination has completely faded away.
Casting: Conjure Flame (quite dangerous; 26% risk of failure)
Confirm with . or Enter, or press ? or * to list all spells.
You blink.
Grinder says, "I used to sell toenails on the black market."
You hit the adder.
The adder is poisoned.
The adder is moderately wounded.
The adder bites you but does no damage. The adder barely misses you.
Grinder blinks!
You feel stable enough to blink again. Grinder gestures at you.
You resist with significant effort. Grinder gestures at you.
Pain shoots through your body! The adder closely misses you.
You kill the adder!
Items here: ! $ ) [ ÷.
Grinder gestures at you. Pain shoots through your body!
* * * LOW HITPOINT WARNING * * *
Grinder gestures at you.
You suddenly lose the ability to move!
Grinder gestures at you.
You struggle to resist.
You can move again.
Casting: Blink (safe; 14% risk of failure)
Confirm with . or Enter, or press ? or * to list all spells.
You miscast Blink.
You are very lightly contaminated with residual magic.
Nothing appears to happen.
Grinder gestures at you. Pain shoots through your body!
You die...

### ####[.#.##
..#######.....#
......).....###
####.........##
. ##.###...†.##
.# #.# #..##..##
.. .∩.
#.####$.########
#####.#.#.#
#...5......#
#.....#
#...@......#
##....#
#..........#
..[##
#..........# #.#
# #..........#
#.....<....#
#..........#
#..........#
..###.#######
... #.#


You could see Grinder.

Vanquished Creatures
  A hound (D:2)
  An orc wizard (D:3)
  4 adders
  3 worms (D:2)
  2 dart slugs (D:2)
  2 orcs (D:3)
  6 endoplasms (D:1)
  5 giant cockroaches
  3 goblins
  2 hobgoblins
  4 jackals (D:2)
  6 kobolds
  A quokka (D:1)
  7 ball pythons
  5 bats
  7 frilled lizards
  5 rats
64 creatures vanquished.

Notes
Turn   | Place    | Note
-------+----------+-------------------------------------------
     0 | D:1      | pokeman the Deep Elf Hedge Wizard began the quest for the
                  | Orb.
     0 | D:1      | Reached XP level 1. HP: 10/10 MP: 7/7
   358 | D:1      | Reached XP level 2. HP: 15/15 MP: 5/9
   702 | D:1      | Found a faded altar of an unknown god.
  1219 | D:1      | Reached skill level 5 in Spellcasting
  1281 | D:2      | Reached skill level 1 in Fighting
  1281 | D:2      | Reached skill level 1 in Armour
  1281 | D:2      | Reached XP level 3. HP: 12/20 MP: 2/11
  1285 | D:2      | Learned a level 3 spell: Mephitic Cloud
  1288 | D:2      | Learned a level 2 spell: Call Imp
  1291 | D:2      | Learned a level 2 spell: Blink
  1494 | D:2      | Reached XP level 4. HP: 25/25 MP: 6/13
  2026 | D:2      | Reached skill level 6 in Spellcasting
  2030 | D:2      | Learned a level 3 spell: Conjure Flame
  2903 | D:3      | Noticed Grinder
  2909 | D:3      | Paralysed by something for 4 turns
  2936 | D:3      | Paralysed by something for 2 turns
  3229 | D:3      | Found Jolapsot's Jewellery Emporium.
  3235 | D:3      | Reached XP level 5. HP: 26/29 MP: 9/15
  3239 | D:3      | Paralysed by Grinder for 6 turns
  3259 | D:3      | Paralysed by Grinder for 5 turns
  3264 | D:3      | Killed from afar by Grinder

Illustrated notes

Levels and vault maps discovered:
D:1:      saegor_arrival_simple_b, layout_loops_ring,
          shapermc_ecumenical_altar_petra
D:2:      layout_loops_ring
D:3:      layout_rooms, serial_shops, nicolae_shop_crystal, uniq_grinder,
          uniq_robin

Skill      XL: |  1  2  3  4 |
---------------+-------------+-----
Spellcasting   | 5 6 |  6.3
Fighting       | 1 |  1.0
Armour         | 1 |  1.0
Conjurations   | 2 |  2.8
Dodging        | |  2.8
Stealth        | |  2.4
Summonings     | |  1.1
Translocations | |  1.1
Air Magic      | |  0.6

Action                   |  1- 3 |  4- 6 || total
-------------------------+-------+-------++-------
Melee: Dagger            |       |    26 ||    26
 Cast: Magic Dart        |    82 |    72 ||   154
       Mephitic Cloud    |       |     3 ||     3
       Conjure Flame     |       |     1 ||     1
       Blink             |       |     1 ||     1
 Stab: Confused          |       |     6 ||     6
       Sleeping          |       |     1 ||     1
Armor: Leather armour    |     2 |    10 ||    12
Dodge: Dodged            |    11 |    20 ||    31

Table legend: (Time is in decaauts)
 A = Elapsed time spent in this place.
 B = Non-inter-level travel time spent in this place.
 C = Inter-level travel time spent in this place.
 D = Time resting spent in this place.
 E = Time spent auto-exploring this place.
 F = Levels seen in this place.
 G = Mean time per level.
                   A        B        C        D        E       F      G
               +--------+--------+--------+--------+--------+-----+--------+
         Total |   3266 |   3217 |     49 |    163 |   2587 |   3 | 1088.7 |
       Dungeon |   3266 |   3217 |     49 |    163 |   2587 |   3 | 1088.7 |
               +--------+--------+--------+--------+--------+-----+--------+

Top non-repeatable levels by time:
     D:2: 1659 daAuts
     D:1: 1268 daAuts
     D:3: 337 daAuts
